 Dungeon Crawl Stone Soup version 0.24-a0-164-g56e1b8f (webtiles) character file.

Game seed: 7517760959968283576

229 melvinkitnick the Changer (level 6, -2/44 HPs)
             Began as a Merfolk Transmuter on Mar 6, 2019.
             Was a Believer of Elyvilon.
             Killed from afar by an orc wizard (8 damage)
             ... with a magic dart
             ... on level 4 of the Dungeon.
             The game lasted 00:11:23 (4086 turns).

melvinkitnick the Changer (Merfolk Transmuter)      Turns: 4086, Time: 00:11:23

Health: -2/44      AC:  2    Str: 12    XL:     6   Next: 3%
Magic:  5/10       EV: 22    Int: 12    God:    Elyvilon [**....]
Gold:   158        SH:  0    Dex: 20    Spells: 5/11 levels left

rFire    . . .     SeeInvis .     - Unarmed
rCold    . . .     Gourm    .   (shield currently unavailable)
rNeg     + . .     Faith    .   (armour currently unavailable)
rPois    x         Spirit   .   (helmet currently unavailable)
rElec    .         Reflect  .   (cloak currently unavailable)
rCorr    .         Harm     .   (gloves currently unavailable)
MR       .....                  (boots currently unavailable)
Stlth    ++........             (no amulet)
HPRegen  0.14/turn              e - ring of wizardry
MPRegen  0.12/turn              m - ring of positive energy

@: spider-form (expiring), very slightly contaminated
A: tiny, (change form in water), (swift swim), (stealthy swim)
a: End Transformation, Lesser Healing, Heal Other, Divine Protection, Renounce
Religion


You were on level 4 of the Dungeon.
You worshipped Elyvilon.
Elyvilon was pleased with you.
You were not hungry.
You were a venomous arachnid creature.
You visited 1 branch of the dungeon, and saw 4 of its levels.

You collected 158 gold pieces.

Inventory:

Missiles
 a - 43 arrows
Armour
 f - a cursed +0 leather armour (melded)
 h - a +0 pair of boots (melded)
 q - a +0 robe of cold resistance
Jewellery
 e - a ring of wizardry (left front leg)
 m - a ring of positive energy (right front leg)
 s - an uncursed ring of protection from fire
Scrolls
 b - 2 scrolls of immolation
 c - 3 scrolls of remove curse
 l - a scroll of magic mapping
 o - 2 scrolls of teleportation
 t - 2 scrolls of fog
Potions
 g - 3 potions of haste
 i - a potion of invisibility {unknown}
 j - a potion of agility
 k - a potion of mutation {unknown}
 n - a potion of magic
 p - a potion of heal wounds
 r - a potion of curing {unknown}
Comestibles
 d - 5 rations


   Skills:
 + Level 2.1 Fighting
 + Level 3.6 Dodging
 * Level 4.3 Unarmed Combat
 - Level 3.0 Spellcasting
 + Level 5.4 Transmutations


You had 5 spell levels left.
You knew the following spells:

 Your Spells              Type           Power        Failure   Level  Hunger
a - Beastly Appendage     Tmut           ##....       4%          1    #......
b - Sticks to Snakes      Tmut           ##......     5%          2    ###....
c - Spider Form           Tmut/Pois      #.........   21%         3    ###....

Your spell library contained the following spells:

 Spells                   Type           Power        Failure   Level  Hunger
 Blade Hands              Tmut           ##........   45%         5    ######.
 Ice Form                 Ice/Tmut       #.......     47%         4    #####..


Dungeon Overview and Level Annotations

Branches:
Dungeon (4/15)
 Temple: D:4-7

Altars:
Elyvilon
Fedhas
Hepliaklqana
The Shining One


Message History

The orc wizard looks satisfied for a moment.
The orc completely misses you. The orc hits you with a +0 hand axe.
* * * LOW HITPOINT WARNING * * *
The orc wizard barely misses you.
You barely miss the orc wizard. The orc wizard misses you.
The orc barely misses you. The orc hits you with a +0 hand axe.
* * * LOW HITPOINT WARNING * * *
You see here a stone.
You bite the orc!
You kill the orc!
You hit the orc wizard but do no damage.
The orc wizard is poisoned.
Your transformation is almost over.
The orc wizard hits you with a +0 dagger.
* * * LOW HITPOINT WARNING * * *
You hit the orc wizard but do no damage.
The orc wizard looks even sicker.
The orc wizard points at you and mumbles some strange words.
The magic dart hits you!
You die...

#.# #..##.#
#.# #..##.#
#.# #..##.#
#§# #..# .#
#§# #§# ####
#§# ...#
#.#####...###.
#....soo..'...
#######...####
.......
...###. ...#
...# ...# ....


You could see an orc wizard and an orc.

Vanquished Creatures
  A bullfrog (D:2)
  A worker ant (D:3)
  3 adders
  An ooze (D:1)
  3 worms
  5 leopard geckos
  4 orcs
  7 bats
  5 giant cockroaches
  9 goblins
  8 hobgoblins
  4 jackals (D:1)
  3 quokkas
  3 ball pythons
  6 frilled lizards
  A giant cockroach zombie (D:1)
  9 kobolds
  A leopard gecko zombie (D:1)
  8 rats
82 creatures vanquished.

Vanquished Creatures (collateral kills)
  A worker ant (D:4)
1 creature vanquished.

Vanquished Creatures (others)
  A dart slug (D:2)
1 creature vanquished.

Grand Total: 84 creatures vanquished

Notes
Turn   | Place    | Note
-------+----------+-------------------------------------------
     0 | D:1      | melvinkitnick the Merfolk Transmuter began the quest for
                  | the Orb.
     0 | D:1      | Reached XP level 1. HP: 15/15 MP: 3/3
    99 | D:1      | Reached skill level 3 in Transmutations
   128 | D:1      | Reached XP level 2. HP: 17/21 MP: 5/5
   132 | D:1      | Learned a level 2 spell: Sticks to Snakes
   609 | D:1      | Reached skill level 4 in Transmutations
   613 | D:1      | Reached XP level 3. HP: 25/26 MP: 6/6
  1358 | D:2      | Learned a level 3 spell: Spider Form
  1504 | D:2      | Noticed a bullfrog
  1755 | D:2      | Found a white marble altar of Elyvilon.
  1766 | D:2      | Became a worshipper of Elyvilon the Healer
  1799 | D:2      | Found a faded altar of an unknown god.
  1810 | D:2      | Reached XP level 4. HP: 24/32 MP: 5/8
  2303 | D:2      | Killed a bullfrog
  2303 | D:2      | Reached skill level 5 in Transmutations
  2303 | D:2      | Reached XP level 5. HP: 24/38 MP: 5/9
  2517 | D:2      | Found a glowing golden altar of the Shining One.
  3014 | D:3      | Reached * piety under Elyvilon
  3343 | D:3      | Found a hazy altar of Hepliaklqana.
  3343 | D:3      | Found a blossoming altar of Fedhas.
  3894 | D:4      | Reached ** piety under Elyvilon
  4007 | D:4      | Reached XP level 6. HP: 39/44 MP: 8/10
  4086 | D:4      | Killed from afar by an orc wizard

Levels and vault maps discovered:
D:1:      saegor_arrival_fortress, layout_loops_ring, minmay_misc_feat_room,
          minmay_close_crescents
D:2:      layout_loops_ring, elyvilon_altar_4, marbit_many_paths,
          chequers_ecumenical_altar_simple_redux, serial_forest,
          infiniplex_forest_straight_4, infiniplex_forest_corner_1,
          infiniplex_forest_lined_corner, infiniplex_forest_clump_tiny
D:3:      layout_loops_ring, gammafunk_temple_overflow_wave
D:4:      layout_basic, minivault_14, minmay_quantized

Skill      XL: |  1  2  3  4  5 |
---------------+----------------+-----
Transmutations | 3 4 5 |  5.4
Dodging        | 3 |  3.6
Unarmed Combat | 4 |  4.3
Fighting       | 2 |  2.1
Spellcasting   | 3 |  3.0

Action                   |  1- 3 |  4- 6 || total
-------------------------+-------+-------++-------
Melee: Unarmed           |   168 |   163 ||   331
       Headbutt          |     6 |     8 ||    14
       Punch             |     2 |     4 ||     6
 Cast: Beastly Appendage |     6 |     7 ||    13
       Spider Form       |       |     2 ||     2
       Sticks to Snakes  |       |     1 ||     1
  Use: Scroll            |     6 |     3 ||     9
 Stab: Sleeping          |     1 |     3 ||     4
  Eat: Chunk             |     3 |     8 ||    11
Armor: Robe              |    27 |    23 ||    50
       Leather armour    |       |     9 ||     9
Dodge: Dodged            |   102 |   122 ||   224

Table legend:
 A = Non-vault XP
 B = Vault XP
 C = Vault XP percentage of total XP
 D = Non-vault monster count
 E = Vault monster count
 F = Vault count percentage of total count
                 A         B        C        D         E       F
            +---------+---------+-------+---------+---------+-------
      Total |     318 |      10 |   3.0 |      77 |       6 |   7.2
            +---------+---------+-------+---------+---------+-------
        D:1 |      51 |       8 |  13.6 |      29 |       5 |  14.7
        D:2 |     157 |       2 |   1.3 |      26 |       1 |   3.7
        D:3 |      73 |       0 |   0.0 |      15 |       0 |   0.0
        D:4 |      37 |       0 |   0.0 |       7 |       0 |   0.0
            +---------+---------+-------+---------+---------+-------
